Map: Ultralove

Players

ScarfaceWho

  • Race: Protoss Protoss
  • League: Diamond
  • Spawn Location: 1:00

neakolevik - Winner!

  • Race: Terran Terran
  • League: Platinum
  • Spawn Location: 7:00

VOD

https://www.youtube.com/watch?v=Na3Bhn5buqA

Description

Climbed to Diamond using this 4 Rax Rush cheese build order.

It works best versus Protoss but can get through on some Zerg and Terrans who fail to scout as well.

Check out the updated build here: https://lotv.spawningtool.com/build/189968/

Time

  • Played on: Feb. 8, 2025, 12:07 p.m.
  • Length: 4:00
Show
View Real Time Build Order
Export as new Build Order

ScarfaceWho Protoss 

Build Orders:  

Get SALT Encoding   

  12  0:00  Probe  
  13  0:12  Probe  
  14  0:19  Pylon  
  14  0:24  Probe  
  15  0:33  Probe  
  15  0:39  Gateway  
  15  0:41  Probe  
  17  0:51  Probe  
  17  0:55  Assimilator  
  18  1:03  Probe  
  19  1:05  Pylon  
  19  1:15  Probe  
  20  1:26  Cybernetics Core  
  20  1:27  Probe  
  23  1:39  Probe  
  24  1:46  Nexus  
  22  1:50  Stalker  
  22  1:51  Probe  
  23  2:03  Warp Gate  
  23  2:04  Probe  
  26  2:09  Stalker  
  26  2:12  Pylon  
  26  2:16  Probe  
  29  2:24  Assimilator  
  29  2:28  Probe  
  30  2:33  Stalker  
  30  2:40  Probe  
  33  2:52  Probe  
  33  2:56  Probe  
  35  2:58  Shield Battery  
  35  3:00  Stalker, Shield Battery  
  35  3:04  Probe x2  
  38  3:12  Probe  
  39  3:16  Probe  
  41  3:24  Probe  
  40  3:28  Probe  
  32  3:47  Probe  
  30  3:49  Stalker  
Show
View Real Time Build Order
Export as new Build Order

neakolevik Terran - Winner!

Build Orders:  

Get SALT Encoding   

  12  0:00  SCV  
  13  0:17  Supply Depot  
  13  0:19  SCV  
  14  0:31  SCV  
  15  0:42  Barracks  
  15  0:45  SCV  
  16  0:53  Barracks  
  16  1:04  SCV  
  17  1:11  Barracks  
  17  1:21  Supply Depot  
  17  1:26  SCV  
  19  1:36  Barracks  
  19  1:38  Marine  
  19  1:44  Marine  
  20  1:55  Orbital Command  
  20  2:01  Marine  
  20  2:02  Marine x2  
  23  2:10  Supply Depot  
  23  2:17  Supply Depot  
  23  2:21  Marine  
  24  2:25  Marine  
  24  2:27  Marine  
  26  2:34  Marine  
  27  2:39  Marine  
  27  2:43  Marine  
  29  2:45  Marine  
  30  2:52  Marine  
  30  2:56  Marine  
  32  3:01  Marine  
  32  3:03  Marine  
  34  3:10  Marine  
  35  3:14  Marine  
  35  3:19  Marine  
  36  3:21  Marine  
  35  3:28  Marine  
  35  3:32  Marine  
  36  3:37  Marine  
  36  3:38  Marine  
Tags
 
Add a new tag
Caveats
  • Supply blocks, unpowered buildings, or Contaminate may cause inaccurate times.
  • Supply counts are checked every 10 seconds.